 Dungeon Crawl Stone Soup version 0.27-a0-684-g359e429f13 (webtiles) character file.

Game seed: 11266392896074747805

1702 Allula97 the Grave Robber (level 8, -1/58 HPs)
             Began as a Demonspawn Necromancer on Mar 20, 2021.
             Was a Follower of Dithmenos.
             Slain by a vampire (8 damage)
             ... on level 6 of the Dungeon.
             The game lasted 00:24:50 (7890 turns).

Allula97 the Grave Robber (Demonspawn Necromancer)  Turns: 7890, Time: 00:24:50

Health: -1/58      AC: 11    Str:  9    XL:     8   Next: 73%
Magic:  13/13      EV: 11    Int: 17    God:    Dithmenos [*.....]
Gold:   258        SH:  0    Dex: 15    Spells: 9/14 levels left

rFire    + . .     SeeInvis .   c - +2 dagger (venom)
rCold    . . .     Faith    .   (no shield)
rNeg     . . .     Spirit   .   k - +1 ring mail
rPois    .         Reflect  .   (no helmet)
rElec    .         Harm     .   l - +0 cloak
rCorr    .         Rampage  .   (no gloves)
Will     .....                  (no boots)
Stlth    +.........             (no amulet)
HPRegen  0.19/turn              i - ring of protection from fire
MPRegen  0.13/turn              (no ring)

@: confused, mighty, ambrosia-drunk, very slightly contaminated, hasted,
wreathed by umbra, invisible, very quick
A: talons 2, molten scales 2
a: Renounce Religion


You were on level 6 of the Dungeon.
You worshipped Dithmenos.
Dithmenos was aware of your devotion.
You visited 2 branches of the dungeon, and saw 7 of its levels.

You collected 339 gold pieces.
You spent 81 gold pieces at shops.

Inventory:

Hand Weapons
 c - a +2 dagger of venom (weapon)
Armour
 k - a +1 ring mail (worn)
 l - a +0 cloak (worn)
 n - a +2 robe of fire resistance
Jewellery
 i - a ring of protection from fire (right hand)
Wands
 s - a wand of paralysis (10)
Scrolls
 f - a scroll of magic mapping
 g - a scroll of enchant weapon {unknown}
 p - a scroll of noise
 q - a scroll of enchant armour
 r - a scroll of fog {unknown}
Potions
 b - a potion of brilliance
 d - a potion of lignification
 e - a potion of invisibility
 j - a potion of haste


   Skills:
 * Level 3.3 Fighting
 * Level 4.1 Short Blades
 * Level 4.4 Armour
 * Level 3.7 Dodging
 * Level 3.9 Stealth
 - Level 0.6 Unarmed Combat
 * Level 3.8 Spellcasting
 * Level 6.4 Necromancy
 + Level 1.2 Transmutations


You had 9 spell levels left.
You knew the following spells:

 Your Spells              Type           Power      Damage    Failure   Level
a - Pain                  Necr           100%       1d9       3%          1
b - Animate Skeleton      Necr           50%        N/A       3%          1
c - Vampiric Draining     Necr           12%        2d7       9%          3

Your spell library contained the following spells:

 Spells                   Type           Power      Damage    Failure   Level
 Animate Dead             Necr           12%        N/A       28%         4
 Blink                    Tloc           N/A        N/A       52%         2
 Agony                    Necr           25%        N/A       63%         5
 Portal Projectile        Hex/Tloc       6%         N/A       77%         3
 Ozocubu's Refrigeration  Ice            1%         4d5       100%        7


Dungeon Overview and Level Annotations

Branches:
Dungeon (6/15)             Temple (1/1) D:4

Altars:
Ashenzari
Dithmenos
Elyvilon
Fedhas
Gozag
Hepliaklqana
Kikubaaqudgha
Makhleb
Nemelex Xobeh
Okawaru
Qazlal
Ru
Sif Muna
Trog
Uskayaw
Vehumet
Wu Jian
Xom
Yredelemnul
Zin
The Shining One

Shops:
D:2 :(*!


Innate Abilities, Weirdness & Mutations

You have razor-sharp toenails.
You are mostly covered in molten scales. (AC +3)


Message History

You miss the vampire. You claw the vampire.
The vampire is heavily damaged.
The vampire barely misses you. The vampire bites you!
* * * LOW HITPOINT WARNING * * *
The vampire draws strength from your injuries!
You feel better.
You hit the vampire but do no damage. You claw the vampire.
The vampire is heavily damaged.
The vampire completely misses you.
The vampire bites you but does no damage.
You puncture the vampire! Your kick misses the vampire.
The vampire is severely damaged.
You hit the vampire but do no damage.
The vampire is severely damaged.
The vampire gestures at you while chanting.
You are confused.
You hit the vampire but do no damage.
The vampire is severely damaged.
You hit the vampire but do no damage. You claw the vampire.
The vampire is severely damaged.
The vampire draws life force from you!!
* * * LOW HITPOINT WARNING * * *
The vampire is healed by the life force!
You bump into the rock wall.
You fade into invisibility!
The vampire points at itself and mumbles some strange words.
The vampire flickers and vanishes!
Deactivating autopickup; reactivate with Ctrl-A.
You are very lightly contaminated with residual magic.
You are more confused.
You feel invigorated. Something hits you.
* * * LOW HITPOINT WARNING * * *
Something bites you but does no damage.
You bump into the translucent rock wall.
You bump into the rock wall.
Something hits you but does no damage. Something bites you.
* * * LOW HITPOINT WARNING * * *
Something draws strength from your injuries!
You're too confused to move!
Something hits you!
You die...

###### #....# #########.##.#
########
.......##.##.###......###########
.......##.##.....####....#.......
.......##.#...####.8####...######
.....[.......##.@{..+S.##(.....>#
#########.#..#..8#..#8..#########
#.#..#.###'####. #
#.#..#'#$?=$$(# # #.#..#)#######
# #.#..#).8#.†#8. # ###
#.#!.##..'..+..# # ..##
#.#...####8.# ## # ...#
#.#.#.<..##'# #


There were no monsters in sight!

Vanquished Creatures
  Grinder (D:3)
  Sigmund (D:4)
  Duvessa (D:6)
  An orc warrior (D:6)
  A sky beast (D:5)
  3 ogres
  Dowan (D:6)
  2 scorpions
  3 hounds
  Crazy Yiuf (D:4)
  A centaur skeleton (D:6)
  An orc priest (D:6)
  An iguana (D:5)
  Terence (D:3)
  3 orc wizards
  3 worker ants
  A worker ant zombie (D:6)
  A howler monkey skeleton (D:4)
  10 adders
  A shadow imp (D:5)
  2 white imps
  An ufetubus (D:6)
  2 dart slugs
  7 leopard geckos
  21 orcs
  9 bats
  6 giant cockroaches
  7 goblins
  14 hobgoblins
  2 jackals (D:6)
  11 kobolds
  4 quokkas
  A frilled lizard (D:1)
  A leopard gecko skeleton (D:3)
  A quokka skeleton (D:3)
  A quokka zombie (D:6)
  8 rats
136 creatures vanquished.

Vanquished Creatures (collateral kills)
  A ball python (D:1)
1 creature vanquished.

Grand Total: 137 creatures vanquished

Notes
Turn   | Place    | Note
-------+----------+-------------------------------------------
     0 | D:1      | Allula97 the Demonspawn Necromancer began the quest for the
                  | Orb.
     0 | D:1      | Reached XP level 1. HP: 13/13 MP: 3/3
   245 | D:1      | Learned a level 1 spell: Animate Skeleton
   327 | D:1      | Gained mutation: You are partially covered in molten
                  | scales. (AC +2) [demonic ancestry]
   327 | D:1      | Reached XP level 2. HP: 8/19 MP: 3/5
  1539 | D:1      | Reached XP level 3. HP: 23/25 MP: 6/6
  1873 | D:2      | Reached skill level 1 in Armour
  1879 | D:2      | Learned a level 3 spell: Vampiric Draining
  1921 | D:2      | Found Tethit's Assorted Antiques.
  1939 | D:2      | Bought a scroll labelled CERUNAR WIGHEY for 17 gold pieces
  1939 | D:2      | Bought a scroll labelled CERUNAR WIGHEY for 17 gold pieces
  1939 | D:2      | Bought a scroll labelled DEPOIF DIEZEC for 17 gold pieces
  2264 | D:2      | Found Veann's Book Shoppe.
  2323 | D:2      | Found Ossov's Weapon Shoppe.
  2364 | D:2      | Gained mutation: You have sharp toenails. [demonic
                  | ancestry]
  2364 | D:2      | Reached XP level 4. HP: 28/31 MP: 7/7
  2659 | D:2      | Found Kaunuun's Distillery.
  2768 | D:2      | Bought a fizzy purple potion for 15 gold pieces
  2898 | D:3      | Reached skill level 1 in Fighting
  2971 | D:2      | Bought a fizzy purple potion for 15 gold pieces
  3030 | D:3      | Found a bloodstained altar of Trog.
  3397 | D:3      | Noticed Grinder
  3398 | D:3      | Noticed Terence
  3414 | D:3      | Killed Terence
  3415 | D:3      | Reached XP level 5. HP: 7/38 MP: 8/8
  3420 | D:3      | Killed Grinder
  3421 | D:3      | Reached skill level 5 in Necromancy
  3421 | D:3      | Reached skill level 1 in Transmutations
  3421 | D:3      | Reached XP level 6. HP: 9/44 MP: 9/9
  4551 | D:4      | Found a staircase to the Ecumenical Temple.
  4581 | Temple   | Entered the Ecumenical Temple
  4775 | Temple   | Became a worshipper of Dithmenos the Shadowed
  4891 | D:4      | Gained mutation: You are mostly covered in molten scales.
                  | (AC +3) [demonic ancestry]
  4891 | D:4      | Reached XP level 7. HP: 28/51 MP: 6/10
  5387 | D:4      | Noticed Sigmund
  5418 | D:4      | Killed Sigmund
  5677 | D:4      | Found a runed translucent door.
  5678 | D:4      | Noticed Crazy Yiuf
  5765 | D:4      | Identified the Reference Book on the Glacial Traveller
  5831 | D:4      | Killed Crazy Yiuf
  5955 | D:4      | Found a basalt altar of Yredelemnul.
  5958 | D:4      | Found a sparkling altar of Nemelex Xobeh.
  5958 | D:4      | Found an opulent altar of Gozag.
  5961 | D:4      | Found a hide-covered altar of Uskayaw.
  5962 | D:4      | Found a bloodstained altar of Trog.
  6141 | D:5      | Entered Level 5 of the Dungeon
  6489 | D:5      | Gained mutation: You have razor-sharp toenails. [demonic
                  | ancestry]
  6489 | D:5      | Reached XP level 8. HP: 40/57 MP: 12/12
  7379 | D:6      | Reached skill level 6 in Necromancy
  7467 | D:6      | Noticed Duvessa
  7470 | D:6      | Noticed Dowan
  7479 | D:6      | Reached * piety under Dithmenos
  7487 | D:6      | Killed Duvessa
  7492 | D:6      | Killed Dowan
  7887 | D:6      | HP: 2/58 [something (6)]
  7890 | D:6      | Slain by a vampire

Illustrated notes

Levels and vault maps discovered:
D:1:      grunt_arrival_lava_bath, layout_basic, chequers_arboretum,
          item_on_display_a
D:2:      layout_loops_ring, serial_shops, shop, nicolae_shop_trees,
          nicolae_shop_waterfront, nicolae_shop_trees,
          kennysheep_generic_room_10
D:3:      cheibrodos_greedy_goblins, layout_basic, corexii_leaking_fountain,
          trog_butcher_becter, uniq_grinder, uniq_terence
D:4:      layout_loops_ring, minitemple, minmay_temple_entry_trees,
          minmay_diced_spiral, uniq_crazy_yiuf_cottage, uniq_sigmund
D:5:      layout_loops_cross
D:6:      minmay_chambers_of_sixes, layout_basic, uniq_duvessa
Temple:   regret_index_temple_sphere_string

Skill      XL: |  1  2  3  4  5  6  7  8 |
---------------+-------------------------+-----
Dodging        | 2 3 |  3.7
Stealth        | 2 3 |  3.9
Armour         | 1 2 3 4 |  4.4
Fighting       | 1 2 3 |  3.3
Short Blades   | 2 3 4 |  4.1
Necromancy     | 5 6 |  6.4
Transmutations | 1 |  1.2
Spellcasting   | 3 |  3.8
Unarmed Combat | |  0.6

Action                   |  1- 3 |  4- 6 |  7- 9 || total
-------------------------+-------+-------+-------++-------
Melee: Unarmed           |    53 |       |       ||    53
       Dagger            |    38 |   143 |   244 ||   425
       Kick              |       |    37 |    75 ||   112
       Punch             |       |       |     1 ||     1
 Cast: Pain              |    28 |       |     2 ||    30
       Animate Skeleton  |     5 |     2 |     9 ||    16
       Vampiric Draining |       |     1 |     9 ||    10
  Use: Scroll            |     2 |     2 |     6 ||    10
       Potion            |       |     2 |     8 ||    10
 Stab: Sleeping          |     4 |     2 |     4 ||    10
Armor: Robe              |    22 |     1 |       ||    23
       Leather armour    |       |    13 |       ||    13
       Ring mail         |       |    24 |    97 ||   121
Dodge: Dodged            |    67 |    65 |   134 ||   266

Table legend: (Time is in decaauts)
 A = Elapsed time spent in this place.
 B = Non-inter-level travel time spent in this place.
 C = Inter-level travel time spent in this place.
 D = Time resting spent in this place.
 E = Time spent auto-exploring this place.
 F = Levels seen in this place.
 G = Mean time per level.
                   A        B        C        D        E       F      G
               +--------+--------+--------+--------+--------+-----+--------+
         Total |   7808 |   7371 |    437 |    586 |   5209 |   7 | 1115.4 |
       Dungeon |   7585 |   7201 |    384 |    586 |   5050 |   6 | 1264.2 |
        Temple |    222 |    169 |     53 |      0 |    159 |   1 |  222.0 |
               +--------+--------+--------+--------+--------+-----+--------+

Top non-repeatable levels by time:
     D:1: 1820 daAuts
     D:4: 1539 daAuts
     D:3: 1487 daAuts
     D:5: 1029 daAuts
     D:2: 1029 daAuts
     D:6: 679 daAuts
  Temple: 222 daAuts
